Wild vs BlackHawks

Created - February 10 2012 at 18:15

Goals
1 2 3 T
Wild 2 0 0 2
BlackHawks 1 0 0 1
Shots
1 2 3 T
Wild 16 5 3 24
BlackHawks 5 11 11 27

Period #1

1. BlackHawks , Tyler Kennedy 24 (P.K. Subban, Joe Thornton) at 3:46
2. Wild , Brian Gionta 23 (Michael Ryder, Ryan Getzlaf) at 7:12
3. Wild , Michal Rozsival 5 (Bobby Ryan, Kristian Huselius) at 10:05 (PP)

Penalties :
Cody McCormick (CHI) for Delaying the game (Minor) at 0:53, Ryan Getzlaf (MIN) for Hooking (Minor) at 4:53, Mattias Ohlund (CHI) for Roughing (Minor) at 8:33, Chris Campoli (CHI) for Tripping (Minor) at 12:04, Mattias Ohlund (CHI) for Hooking (Minor) at 17:28, Mattias Ohlund (CHI) for Tripping (Minor) at 19:36

Period #2

No Goal

Penalties :
Tom Gilbert (MIN) for Goalie Interference (Minor) at 2:30, Alexei Ponikarovsky (MIN) for Slashing (Minor) at 6:05, Mark Eaton (CHI) for Roughing (Minor) at 9:12, Alexei Ponikarovsky (MIN) for Hooking (Minor) at 11:10, Anton Babchuk (CHI) for Hooking (Minor) at 14:45, Tom Gilbert (MIN) for Tripping (Minor) at 17:43

Period #3

No Goal

Penalties :
Ruslan Salei (MIN) for Slashing (Double Minor) at 0:33, Sean Avery (CHI) for Tripping (Minor) at 4:02, Alexei Ponikarovsky (MIN) for Hooking (Minor) at 6:18, Ryan Getzlaf (MIN) for High sticking (Minor) at 13:10, Darren Helm (CHI) for Tripping (Minor) at 18:34, Ruslan Salei (MIN) for Slashing (Minor) at 18:34

Goalie Stats

Miikka Kiprusoff (MIN), 26 saves from 27 shots - (0.963), W, 25-9-3, 60:00 minutes
Braden Holtby (CHI), 22 saves from 24 shots - (0.917), L, 9-11-4, 59:19 minutes

Players Stats

Wild
Player Name              G  A  P  +/- PIM S  H  SB FO    MP 
------------------------------------------------------------
Alexei Ponikarovsky      0  0  0   0  6   1  0  0  0/0   11 
Andrew Ebbett            0  0  0   0  0   0  0  0  0/1   1  
Bobby Ryan               0  1  1  -1  0   1  1  1  12/28 19 
Brian Gionta             1  0  1   1  0   2  0  1  0/1   24 
Colin White              0  0  0   0  0   0  1  0  0/0   18 
Joel Ward                0  0  0   0  0   0  1  1  0/2   18 
Jon Sim                  0  0  0   0  0   0  0  0  0/0   1  
Joni Pitkanen            0  0  0   1  0   0  1  2  0/0   23 
Kristian Huselius        0  1  1  -1  0   3  0  0  0/0   15 
Michael Ryder            0  1  1   1  0   3  0  0  0/0   17 
Michal Rozsival          1  0  1  -1  0   4  0  2  0/0   22 
Mike Modano              0  0  0   0  0   0  0  0  3/10  9  
Milan Michalek           0  0  0  -1  0   2  2  0  1/1   14 
Radek Martinek           0  0  0   0  0   1  3  0  0/0   21 
Ruslan Salei             0  0  0  -1  6   2  1  1  0/0   16 
Ryan Getzlaf             0  1  1   1  4   2  2  0  10/28 22 
Saku Koivu               0  0  0   0  0   3  0  0  8/14  10 
Tom Gilbert              0  0  0   1  4   0  0  1  0/0   18 
BlackHawks
Player Name              G  A  P  +/- PIM S  H  SB FO    MP 
------------------------------------------------------------
Anton Babchuk            0  0  0  -1  2   3  1  2  0/0   21 
Bryan Little             0  0  0   0  0   8  0  0  15/21 17 
Chris Campoli            0  0  0   0  2   0  4  0  0/0   21 
Chris Neil               0  0  0   0  0   0  2  0  0/1   6  
Cody McCormick           0  0  0  -1  2   0  1  1  0/0   11 
Daniel Paille            0  0  0   0  0   0  0  0  0/0   6  
Darren Helm              0  0  0   1  2   0  4  0  8/20  20 
Jay McClement            0  0  0  -1  0   1  0  0  8/14  15 
Joe Thornton             0  1  1   1  0   2  1  2  10/14 23 
Mark Eaton               0  0  0  -1  2   1  0  1  0/0   16 
Mathieu Darche           0  0  0   0  0   2  0  0  0/0   15 
Mats Zuccarello          0  0  0   0  0   2  1  0  0/0   17 
Mattias Ohlund           0  0  0   1  6   3  2  0  0/0   17 
P.K. Subban              0  1  1   1  0   0  1  2  0/0   23 
Ron Hainsey              0  0  0   0  0   1  0  2  0/0   18 
Samuel Pahlsson          0  0  0   0  0   1  0  0  9/13  14 
Sean Avery               0  0  0  -1  2   0  0  0  0/1   9  
Tyler Kennedy            1  0  1   1  0   3  1  0  1/1   14 

3 Stars

1 - Miikka Kiprusoff (MIN)
2 - Tyler Kennedy (CHI)
3 - Brian Gionta (MIN)

Power Play

Wild - 1 on 8 Attempt(s) - 12.50%
BlackHawks - 0 on 9 Attempt(s) - 0.00%

Penalty Kill

Wild - 9 on 9 Attempt(s) - 100.00% - Score 0 goal in Penalty Kill
BlackHawks - 7 on 8 Attempt(s) - 87.50% - Score 0 goal in Penalty Kill

Game Notes

No Game Note

Finance

Level 1 -- Attendance: 6211 (95.55%) -- Ticket Income $527,935.00
Level 2 -- Attendance: 4180 (83.60%) -- Ticket Income $229,900.00
Level 3 -- Attendance: 3500 (100.00%) -- Ticket Income $105,000.00
Level 4 -- Attendance: 2821 (62.69%) -- Ticket Income $56,420.00
Luxury Box -- Attendance: 993 (99.30%) -- Ticket Income $173,775.00
Game was played at the United Center
Total Attendance: 17705 (86.37%)
Total Ticket Income: $1,099,722.00
Other Income: $188,670.60
Total Income: $1,288,393.00


Play by Play

Period #1

0:01 of 1st period - Ryan Getzlaf wins face-off versus Joe Thornton in neutral zone.
0:24 of 1st period - Brian Gionta is hit by Mattias Ohlund and loses puck.
0:27 of 1st period - Shot by Michael Ryder.
0:27 of 1st period - Stopped by Braden Holtby without a rebound.
0:28 of 1st period - Bryan Little wins face-off versus Bobby Ryan in BlackHawks zone.
0:28 of 1st period - Bryan Little is hit by Bobby Ryan.
0:36 of 1st period - Shot by Bryan Little.
0:36 of 1st period - Stopped by Miikka Kiprusoff without a rebound.
0:37 of 1st period - Saku Koivu wins face-off versus Jay McClement in Wild zone.
0:41 of 1st period - Off-side.
0:42 of 1st period - Bobby Ryan wins face-off versus Bryan Little in neutral zone.
0:44 of 1st period - Michal Rozsival is hit by Mats Zuccarello and loses puck.
0:48 of 1st period - Off-side.
0:49 of 1st period - Jay McClement wins face-off versus Saku Koivu in neutral zone.
0:53 of 1st period - Minor Penalty to Cody McCormick for Delaying the game.
0:54 of 1st period - Darren Helm wins face-off versus Ryan Getzlaf in BlackHawks zone.
1:00 of 1st period - Icing by Ryan Getzlaf.
1:01 of 1st period - Darren Helm wins face-off versus Ryan Getzlaf in Wild zone.
2:27 of 1st period - Shot by Radek Martinek.
2:27 of 1st period - Shot Misses the Net.
2:29 of 1st period - Shot by Kristian Huselius.
2:29 of 1st period - Stopped by Braden Holtby without a rebound.
2:30 of 1st period - Darren Helm wins face-off versus Ryan Getzlaf in BlackHawks zone.
2:36 of 1st period - Icing by Joni Pitkanen.
2:37 of 1st period - Darren Helm wins face-off versus Ryan Getzlaf in Wild zone.
3:12 of 1st period - Shot by Saku Koivu.
3:12 of 1st period - Stopped by Braden Holtby without a rebound.
3:13 of 1st period - Joe Thornton wins face-off versus Bobby Ryan in BlackHawks zone.
3:46 of 1st period - Shot by Tyler Kennedy.
3:46 of 1st period - Goal by Tyler Kennedy - Wild : 0 - BlackHawks : 1.
3:47 of 1st period - Saku Koivu wins face-off versus Jay McClement in neutral zone.
3:51 of 1st period - Colin White is hit by Chris Campoli and loses puck.
4:38 of 1st period - Shot by Michael Ryder.
4:38 of 1st period - Deflect By Brian Gionta.
4:38 of 1st period - Shot Misses the Net.
4:40 of 1st period - Shot by Brian Gionta.
4:40 of 1st period - Stopped by Braden Holtby without a rebound.
4:41 of 1st period - Ryan Getzlaf wins face-off versus Bryan Little in BlackHawks zone.
4:42 of 1st period - Shot by Brian Gionta.
4:42 of 1st period - Shot Blocked by Ron Hainsey.
4:53 of 1st period - Minor Penalty to Ryan Getzlaf for Hooking.
4:54 of 1st period - Bobby Ryan wins face-off versus Darren Helm in Wild zone.
5:09 of 1st period - Shot by Anton Babchuk.
5:09 of 1st period - Shot Misses the Net.
6:41 of 1st period - Shot by Tyler Kennedy.
6:41 of 1st period - Stopped by Miikka Kiprusoff without a rebound.
6:42 of 1st period - Bryan Little wins face-off versus Bobby Ryan in Wild zone.
6:49 of 1st period - Shot by Mats Zuccarello.
6:49 of 1st period - Shot Misses the Net.
6:51 of 1st period - Shot by Mattias Ohlund.
6:51 of 1st period - Stopped by Miikka Kiprusoff without a rebound.
6:52 of 1st period - Joe Thornton wins face-off versus Mike Modano in Wild zone.
7:08 of 1st period - Shot by Michael Ryder.
7:08 of 1st period - Stopped by Braden Holtby with a rebound.
7:12 of 1st period - Shot by Brian Gionta.
7:12 of 1st period - Goal by Brian Gionta - Wild : 1 - BlackHawks : 1.
7:13 of 1st period - Samuel Pahlsson wins face-off versus Bobby Ryan in neutral zone.
7:24 of 1st period - Shot by Kristian Huselius.
7:24 of 1st period - Stopped by Braden Holtby without a rebound.
7:25 of 1st period - Saku Koivu wins face-off versus Sean Avery in BlackHawks zone.
8:17 of 1st period - Kristian Huselius is hit by Mattias Ohlund and loses puck.
8:30 of 1st period - Shot by Milan Michalek.
8:30 of 1st period - Stopped by Braden Holtby with a rebound.
8:32 of 1st period - Shot by Ruslan Salei.
8:32 of 1st period - Shot Blocked by P.K. Subban.
8:33 of 1st period - Minor Penalty to Mattias Ohlund for Roughing.
8:34 of 1st period - Ryan Getzlaf wins face-off versus Darren Helm in BlackHawks zone.
8:49 of 1st period - Shot by Tom Gilbert.
8:49 of 1st period - Shot Blocked by Anton Babchuk.
8:51 of 1st period - Shot by Ryan Getzlaf.
8:51 of 1st period - Shot Misses the Net.
8:53 of 1st period - Shot by Brian Gionta.
8:53 of 1st period - Deflect By Ryan Getzlaf.
8:53 of 1st period - Stopped by Braden Holtby without a rebound.
8:54 of 1st period - Jay McClement wins face-off versus Ryan Getzlaf in BlackHawks zone.
9:34 of 1st period - Icing by Michal Rozsival.
9:35 of 1st period - Bobby Ryan wins face-off versus Darren Helm in Wild zone.
9:51 of 1st period - Shot by Bobby Ryan.
9:51 of 1st period - Shot Blocked by Cody McCormick.
9:55 of 1st period - Shot by Kristian Huselius.
9:55 of 1st period - Shot Blocked by Anton Babchuk.
9:59 of 1st period - Shot by Michal Rozsival.
9:59 of 1st period - Stopped by Braden Holtby with a rebound.
10:01 of 1st period - Shot by Michal Rozsival.
10:01 of 1st period - Shot Blocked by Joe Thornton.
10:03 of 1st period - Shot by Michal Rozsival.
10:03 of 1st period - Stopped by Braden Holtby with a rebound.
10:05 of 1st period - Shot by Michal Rozsival.
10:05 of 1st period - Goal by Michal Rozsival - Wild : 2 - BlackHawks : 1.
10:06 of 1st period - Samuel Pahlsson wins face-off versus Saku Koivu in neutral zone.
10:26 of 1st period - P.K. Subban is hit by Radek Martinek and loses puck.
10:40 of 1st period - Mattias Ohlund is hit by Colin White and loses puck.
12:04 of 1st period - Minor Penalty to Chris Campoli for Tripping.
12:05 of 1st period - Bobby Ryan wins face-off versus Darren Helm in BlackHawks zone.
12:06 of 1st period - Shot by Michal Rozsival.
12:06 of 1st period - Stopped by Braden Holtby with a rebound.
12:08 of 1st period - Shot by Ruslan Salei.
12:08 of 1st period - Stopped by Braden Holtby without a rebound.
12:09 of 1st period - Darren Helm wins face-off versus Bobby Ryan in BlackHawks zone.
12:35 of 1st period - Shot by Milan Michalek.
12:35 of 1st period - Shot Misses the Net.
12:37 of 1st period - Shot by Ruslan Salei.
12:37 of 1st period - Stopped by Braden Holtby without a rebound.
12:38 of 1st period - Ryan Getzlaf wins face-off versus Jay McClement in BlackHawks zone.
14:20 of 1st period - Shot by Bryan Little.
14:20 of 1st period - Stopped by Miikka Kiprusoff without a rebound.
14:21 of 1st period - Ryan Getzlaf wins face-off versus Jay McClement in Wild zone.
14:54 of 1st period - Jay McClement is hit by Ryan Getzlaf and loses puck.
15:10 of 1st period - Off-side.
15:11 of 1st period - Saku Koivu wins face-off versus Darren Helm in neutral zone.
15:28 of 1st period - Joel Ward is hit by Darren Helm and loses puck.
16:08 of 1st period - Off-side.
16:09 of 1st period - Bryan Little wins face-off versus Ryan Getzlaf in neutral zone.
16:14 of 1st period - Shot by Mathieu Darche.
16:14 of 1st period - Shot Blocked by Joni Pitkanen.
16:20 of 1st period - Shot by Joni Pitkanen.
16:20 of 1st period - Shot Misses the Net.
16:52 of 1st period - Anton Babchuk is hit by Ryan Getzlaf and loses puck.
17:27 of 1st period - Shot by Saku Koivu.
17:27 of 1st period - Stopped by Braden Holtby without a rebound.
17:28 of 1st period - Milan Michalek wins face-off versus Samuel Pahlsson in BlackHawks zone.
17:28 of 1st period - Minor Penalty to Mattias Ohlund for Hooking.
17:29 of 1st period - Darren Helm wins face-off versus Bobby Ryan in BlackHawks zone.
17:29 of 1st period - Darren Helm is hit by Milan Michalek.
17:45 of 1st period - Shot by Kristian Huselius.
17:45 of 1st period - Shot Misses the Net.
19:16 of 1st period - Icing by Bobby Ryan.
19:17 of 1st period - Bobby Ryan wins face-off versus Darren Helm in Wild zone.
19:17 of 1st period - Bobby Ryan is hit by Joe Thornton.
19:36 of 1st period - Minor Penalty to Mattias Ohlund for Tripping.
19:37 of 1st period - Ryan Getzlaf wins face-off versus Darren Helm in BlackHawks zone.

Period #2

0:01 of 2nd period - Ryan Getzlaf wins face-off versus Darren Helm in neutral zone.
0:08 of 2nd period - Shot by Ryan Getzlaf.
0:08 of 2nd period - Stopped by Braden Holtby with a rebound.
0:10 of 2nd period - Shot by Ryan Getzlaf.
0:10 of 2nd period - Shot Blocked by Joe Thornton.
0:12 of 2nd period - Shot by Tom Gilbert.
0:12 of 2nd period - Shot Blocked by P.K. Subban.
1:46 of 2nd period - Shot by Mathieu Darche.
1:46 of 2nd period - Stopped by Miikka Kiprusoff with a rebound.
1:50 of 2nd period - Shot by Bryan Little.
1:50 of 2nd period - Stopped by Miikka Kiprusoff with a rebound.
1:52 of 2nd period - Shot by Bryan Little.
1:52 of 2nd period - Stopped by Miikka Kiprusoff without a rebound.
1:53 of 2nd period - Samuel Pahlsson wins face-off versus Saku Koivu in Wild zone.
2:15 of 2nd period - Icing by Mattias Ohlund.
2:16 of 2nd period - Ryan Getzlaf wins face-off versus Chris Neil in BlackHawks zone.
2:30 of 2nd period - Minor Penalty to Tom Gilbert for Goalie Interference.
2:31 of 2nd period - Bryan Little wins face-off versus Ryan Getzlaf in Wild zone.
3:48 of 2nd period - Shot by Tyler Kennedy.
3:48 of 2nd period - Shot Misses the Net.
3:55 of 2nd period - Icing by Joe Thornton.
3:56 of 2nd period - Mike Modano wins face-off versus Joe Thornton in BlackHawks zone.
4:04 of 2nd period - Mike Modano is hit by Anton Babchuk and loses puck.
4:53 of 2nd period - Shot by Brian Gionta.
4:53 of 2nd period - Shot Misses the Net.
4:55 of 2nd period - Shot by Tom Gilbert.
4:55 of 2nd period - Shot Misses the Net.
4:57 of 2nd period - Shot by Joni Pitkanen.
4:57 of 2nd period - Shot Blocked by Mark Eaton.
5:00 of 2nd period - Brian Gionta is hit by Chris Campoli and loses puck.
5:25 of 2nd period - Shot by Mattias Ohlund.
5:25 of 2nd period - Stopped by Miikka Kiprusoff without a rebound.
5:26 of 2nd period - Saku Koivu wins face-off versus Samuel Pahlsson in Wild zone.
5:54 of 2nd period - Chris Neil is hit by Radek Martinek.
6:05 of 2nd period - Minor Penalty to Alexei Ponikarovsky for Slashing.
6:06 of 2nd period - Bryan Little wins face-off versus Ryan Getzlaf in Wild zone.
6:13 of 2nd period - Shot by Bryan Little.
6:13 of 2nd period - Shot Blocked by Brian Gionta.
6:15 of 2nd period - Shot by Ron Hainsey.
6:15 of 2nd period - Stopped by Miikka Kiprusoff without a rebound.
6:16 of 2nd period - Bryan Little wins face-off versus Mike Modano in Wild zone.
7:35 of 2nd period - Shot by Bryan Little.
7:35 of 2nd period - Deflect By Mats Zuccarello.
7:35 of 2nd period - Shot Blocked by Ruslan Salei.
7:37 of 2nd period - Shot by Mattias Ohlund.
7:37 of 2nd period - Stopped by Miikka Kiprusoff without a rebound.
7:38 of 2nd period - Samuel Pahlsson wins face-off versus Joel Ward in Wild zone.
7:39 of 2nd period - Shot by Anton Babchuk.
7:39 of 2nd period - Shot Misses the Net.
7:41 of 2nd period - Shot by Samuel Pahlsson.
7:41 of 2nd period - Shot Misses the Net.
7:43 of 2nd period - Shot by Anton Babchuk.
7:43 of 2nd period - Stopped by Miikka Kiprusoff without a rebound.
7:44 of 2nd period - Mike Modano wins face-off versus Bryan Little in Wild zone.
7:58 of 2nd period - Icing by Mats Zuccarello.
7:59 of 2nd period - Bryan Little wins face-off versus Ryan Getzlaf in BlackHawks zone.
8:08 of 2nd period - Shot by Samuel Pahlsson.
8:08 of 2nd period - Stopped by Miikka Kiprusoff without a rebound.
8:09 of 2nd period - Samuel Pahlsson wins face-off versus Ryan Getzlaf in Wild zone.
9:11 of 2nd period - Bobby Ryan is hit by Chris Campoli and loses puck.
9:12 of 2nd period - Minor Penalty to Mark Eaton for Roughing.
9:13 of 2nd period - Darren Helm wins face-off versus Bobby Ryan in BlackHawks zone.
9:43 of 2nd period - Icing by Radek Martinek.
9:44 of 2nd period - Bobby Ryan wins face-off versus Darren Helm in Wild zone.
11:10 of 2nd period - Minor Penalty to Alexei Ponikarovsky for Hooking.
11:11 of 2nd period - Bryan Little wins face-off versus Bobby Ryan in Wild zone.
11:26 of 2nd period - Shot by Mathieu Darche.
11:26 of 2nd period - Shot Misses the Net.
11:28 of 2nd period - Shot by Mark Eaton.
11:28 of 2nd period - Stopped by Miikka Kiprusoff without a rebound.
11:29 of 2nd period - Tyler Kennedy wins face-off versus Mike Modano in Wild zone.
11:46 of 2nd period - Ryan Getzlaf is hit by Tyler Kennedy and loses puck.
11:56 of 2nd period - Icing by P.K. Subban.
11:57 of 2nd period - Joe Thornton wins face-off versus Mike Modano in BlackHawks zone.
12:21 of 2nd period - Shot by Mathieu Darche.
12:21 of 2nd period - Deflect By Mats Zuccarello.
12:21 of 2nd period - Stopped by Miikka Kiprusoff with a rebound.
12:36 of 2nd period - Off-side.
12:37 of 2nd period - Bryan Little wins face-off versus Ryan Getzlaf in neutral zone.
13:10 of 2nd period - Shot by Ryan Getzlaf.
13:10 of 2nd period - Deflect By Brian Gionta.
13:10 of 2nd period - Shot Misses the Net.
13:12 of 2nd period - Shot by Michael Ryder.
13:12 of 2nd period - Stopped by Braden Holtby without a rebound.
13:13 of 2nd period - Samuel Pahlsson wins face-off versus Bobby Ryan in BlackHawks zone.
13:23 of 2nd period - Icing by Michael Ryder.
13:24 of 2nd period - Bobby Ryan wins face-off versus Samuel Pahlsson in Wild zone.
13:41 of 2nd period - Bobby Ryan is hit by Chris Neil and loses puck.
14:10 of 2nd period - Off-side.
14:11 of 2nd period - Jay McClement wins face-off versus Joel Ward in neutral zone.
14:34 of 2nd period - Shot by Radek Martinek.
14:34 of 2nd period - Stopped by Braden Holtby with a rebound.
14:45 of 2nd period - Minor Penalty to Anton Babchuk for Hooking.
14:46 of 2nd period - Bobby Ryan wins face-off versus Darren Helm in BlackHawks zone.
14:49 of 2nd period - Shot by Michal Rozsival.
14:49 of 2nd period - Shot Misses the Net.
14:51 of 2nd period - Shot by Milan Michalek.
14:51 of 2nd period - Stopped by Braden Holtby without a rebound.
14:52 of 2nd period - Darren Helm wins face-off versus Ryan Getzlaf in BlackHawks zone.
16:34 of 2nd period - Shot by Kristian Huselius.
16:34 of 2nd period - Stopped by Braden Holtby without a rebound.
16:35 of 2nd period - Jay McClement wins face-off versus Andrew Ebbett in BlackHawks zone.
17:07 of 2nd period - Icing by Radek Martinek.
17:08 of 2nd period - Samuel Pahlsson wins face-off versus Saku Koivu in Wild zone.
17:43 of 2nd period - Minor Penalty to Tom Gilbert for Tripping.
17:44 of 2nd period - Bryan Little wins face-off versus Mike Modano in Wild zone.
17:44 of 2nd period - Ron Hainsey is hit by Joni Pitkanen and loses puck.
17:55 of 2nd period - Shot by Bryan Little.
17:55 of 2nd period - Stopped by Miikka Kiprusoff without a rebound.
17:56 of 2nd period - Bryan Little wins face-off versus Ryan Getzlaf in Wild zone.
18:37 of 2nd period - Anton Babchuk is hit by Joel Ward and loses puck.
18:59 of 2nd period - Ryan Getzlaf is hit by Darren Helm and loses puck.

Period #3

0:01 of 3rd period - Ryan Getzlaf wins face-off versus Joe Thornton in neutral zone.
0:01 of 3rd period - Ryan Getzlaf is hit by Darren Helm.
0:04 of 3rd period - Joni Pitkanen is hit by P.K. Subban and loses puck.
0:21 of 3rd period - Shot by Tyler Kennedy.
0:21 of 3rd period - Stopped by Miikka Kiprusoff without a rebound.
0:22 of 3rd period - Bryan Little wins face-off versus Bobby Ryan in Wild zone.
0:22 of 3rd period - Bryan Little is hit by Ruslan Salei.
0:33 of 3rd period - Double Minor Penalty to Ruslan Salei for Slashing.
0:34 of 3rd period - Bryan Little wins face-off versus Mike Modano in Wild zone.
1:50 of 3rd period - Shot by Anton Babchuk.
1:50 of 3rd period - Shot Misses the Net.
1:54 of 3rd period - Shot by Joe Thornton.
1:54 of 3rd period - Stopped by Miikka Kiprusoff without a rebound.
1:55 of 3rd period - Joe Thornton wins face-off versus Ryan Getzlaf in Wild zone.
2:05 of 3rd period - Icing by P.K. Subban.
2:06 of 3rd period - Joe Thornton wins face-off versus Ryan Getzlaf in BlackHawks zone.
3:49 of 3rd period - Shot by Mattias Ohlund.
3:49 of 3rd period - Shot Misses the Net.
4:02 of 3rd period - Minor Penalty to Sean Avery for Tripping.
4:03 of 3rd period - Bobby Ryan wins face-off versus Bryan Little in BlackHawks zone.
4:12 of 3rd period - Shot by Michael Ryder.
4:12 of 3rd period - Shot Blocked by Ron Hainsey.
4:16 of 3rd period - Shot by Bobby Ryan.
4:16 of 3rd period - Stopped by Braden Holtby with a rebound.
4:43 of 3rd period - Tom Gilbert is hit by Cody McCormick.
5:12 of 3rd period - Icing by Radek Martinek.
5:13 of 3rd period - Bobby Ryan wins face-off versus Jay McClement in Wild zone.
6:18 of 3rd period - Minor Penalty to Alexei Ponikarovsky for Hooking.
6:19 of 3rd period - Bryan Little wins face-off versus Ryan Getzlaf in Wild zone.
6:28 of 3rd period - Shot by Mathieu Darche.
6:28 of 3rd period - Stopped by Miikka Kiprusoff with a rebound.
7:22 of 3rd period - Shot by Anton Babchuk.
7:22 of 3rd period - Stopped by Miikka Kiprusoff with a rebound.
8:01 of 3rd period - Shot by Mathieu Darche.
8:01 of 3rd period - Deflect By Mats Zuccarello.
8:01 of 3rd period - Stopped by Miikka Kiprusoff without a rebound.
8:02 of 3rd period - Samuel Pahlsson wins face-off versus Mike Modano in Wild zone.
8:25 of 3rd period - Shot by Cody McCormick.
8:25 of 3rd period - Shot Blocked by Bobby Ryan.
8:27 of 3rd period - Shot by Jay McClement.
8:27 of 3rd period - Stopped by Miikka Kiprusoff without a rebound.
8:28 of 3rd period - Samuel Pahlsson wins face-off versus Bobby Ryan in Wild zone.
9:08 of 3rd period - Icing by Michal Rozsival.
9:09 of 3rd period - Jay McClement wins face-off versus Bobby Ryan in Wild zone.
9:56 of 3rd period - Icing by Chris Campoli.
9:57 of 3rd period - Jay McClement wins face-off versus Saku Koivu in BlackHawks zone.
10:20 of 3rd period - Off-side.
10:21 of 3rd period - Joe Thornton wins face-off versus Ryan Getzlaf in neutral zone.
10:40 of 3rd period - Shot by Tyler Kennedy.
10:40 of 3rd period - Shot Blocked by Joni Pitkanen.
11:20 of 3rd period - Shot by Anton Babchuk.
11:20 of 3rd period - Shot Misses the Net.
11:22 of 3rd period - Shot by Bryan Little.
11:22 of 3rd period - Stopped by Miikka Kiprusoff without a rebound.
11:23 of 3rd period - Saku Koivu wins face-off versus Samuel Pahlsson in Wild zone.
11:23 of 3rd period - Saku Koivu is hit by Chris Neil.
11:35 of 3rd period - Shot by Alexei Ponikarovsky.
11:35 of 3rd period - Stopped by Braden Holtby without a rebound.
11:36 of 3rd period - Jay McClement wins face-off versus Bobby Ryan in BlackHawks zone.
11:49 of 3rd period - Milan Michalek is hit by Chris Campoli and loses puck.
12:47 of 3rd period - Icing by Colin White.
12:48 of 3rd period - Joe Thornton wins face-off versus Saku Koivu in Wild zone.
13:10 of 3rd period - Minor Penalty to Ryan Getzlaf for High sticking.
13:11 of 3rd period - Bryan Little wins face-off versus Brian Gionta in Wild zone.
13:37 of 3rd period - Icing by Ron Hainsey.
13:38 of 3rd period - Bobby Ryan wins face-off versus Bryan Little in BlackHawks zone.
13:49 of 3rd period - Shot by P.K. Subban.
13:49 of 3rd period - Shot Misses the Net.
14:11 of 3rd period - Off-side.
14:12 of 3rd period - Bobby Ryan wins face-off versus Darren Helm in neutral zone.
14:38 of 3rd period - Shot by Anton Babchuk.
14:38 of 3rd period - Shot Blocked by Michal Rozsival.
14:40 of 3rd period - Shot by Tyler Kennedy.
14:40 of 3rd period - Shot Blocked by Michal Rozsival.
14:42 of 3rd period - Shot by Anton Babchuk.
14:42 of 3rd period - Stopped by Miikka Kiprusoff without a rebound.
14:43 of 3rd period - Mike Modano wins face-off versus Bryan Little in Wild zone.
15:29 of 3rd period - Shot by Joe Thornton.
15:29 of 3rd period - Stopped by Miikka Kiprusoff with a rebound.
15:31 of 3rd period - Shot by Darren Helm.
15:31 of 3rd period - Shot Blocked by Tom Gilbert.
15:40 of 3rd period - Icing by Joni Pitkanen.
15:41 of 3rd period - Ryan Getzlaf wins face-off versus Jay McClement in Wild zone.
15:53 of 3rd period - Icing by Cody McCormick.
15:54 of 3rd period - Jay McClement wins face-off versus Bobby Ryan in BlackHawks zone.
15:54 of 3rd period - Jay McClement is hit by Milan Michalek.
16:41 of 3rd period - Shot by Bryan Little.
16:41 of 3rd period - Stopped by Miikka Kiprusoff with a rebound.
16:43 of 3rd period - Shot by Bryan Little.
16:43 of 3rd period - Shot Hit the Post.
16:45 of 3rd period - Shot by Bryan Little.
16:45 of 3rd period - Stopped by Miikka Kiprusoff without a rebound.
16:46 of 3rd period - Saku Koivu wins face-off versus Darren Helm in Wild zone.
16:46 of 3rd period - Radek Martinek is hit by Darren Helm.
16:50 of 3rd period - Shot by Saku Koivu.
16:50 of 3rd period - Stopped by Braden Holtby without a rebound.
16:51 of 3rd period - Joe Thornton wins face-off versus Ryan Getzlaf in BlackHawks zone.
16:58 of 3rd period - Icing by Mattias Ohlund.
16:59 of 3rd period - Saku Koivu wins face-off versus Joe Thornton in BlackHawks zone.
17:14 of 3rd period - Tyler Kennedy is hit by Radek Martinek and loses puck.
17:46 of 3rd period - Shot by Anton Babchuk.
17:46 of 3rd period - Shot Misses the Net.
17:56 of 3rd period - Shot by Bryan Little.
17:56 of 3rd period - Shot Blocked by Joel Ward.
17:58 of 3rd period - Shot by Bryan Little.
17:58 of 3rd period - Shot Misses the Net.
18:27 of 3rd period - Off-side.
18:28 of 3rd period - Joe Thornton wins face-off versus Bobby Ryan in neutral zone.
18:34 of 3rd period - Minor Penalty to Darren Helm for Tripping.
18:34 of 3rd period - Minor Penalty to Ruslan Salei for Slashing.
18:35 of 3rd period - Joe Thornton wins face-off versus Bobby Ryan in Wild zone.
18:52 of 3rd period - Shot by Tyler Kennedy.
18:52 of 3rd period - Shot Misses the Net.
19:19 of 3rd period - BlackHawks, Braden Holtby is pulled from the net.
19:55 of 3rd period - Shot by Mats Zuccarello.
19:55 of 3rd period - Shot Misses the Net.


Output by the SimonT Hockey Simulator (STHS) for Stephane Roy -- Original Page W3C XHTML 1.0 Valid